 Dungeon Crawl Stone Soup version 0.25-a0-435-g4b9beb1024 (webtiles) character file.

Game seed: 1616337253934577378, levelgen mode: deterministic

1857 Kohma the Cleaver (level 8, -2/68 HPs)
             Began as a Minotaur Fighter on Jan 28, 2020.
             Was an Initiate of Gozag.
             Killed by divine providence
             ... invoked by an orc priest
              (11 damage)
             ... on level 6 of the Dungeon on Jan 29, 2020.
             The game lasted 00:13:04 (5336 turns).

Kohma the Cleaver (Minotaur Fighter)                Turns: 5336, Time: 00:13:05

Health: -2/68      AC: 11    Str: 23    XL:     8   Next: 89%
Magic:  7/7        EV:  8    Int: 10    God:    Gozag
Gold:   655        SH: 11    Dex: 10    Spells: 7/7 levels left

rFire    . . .     SeeInvis .   a - +1 war axe
rCold    . . .     Gourm    .   c - +0 shield
rNeg     . . .     Faith    .   b - +0 scale mail
rPois    .         Spirit   .   (helmet restricted)
rElec    .         Reflect  .   (no cloak)
rCorr    .         Harm     .   (no gloves)
MR       .....                  (no boots)
Stlth    ..........             (no amulet)
HPRegen  0.21/turn              p - +4 ring of protection
MPRegen  0.10/turn              (no ring)

@: brilliant, studying Throwing
A: retaliatory headbutt, horns 2
a: Potion Petition, Call Merchant, Bribe Branch, Renounce Religion


You were on level 6 of the Dungeon.
You worshipped Gozag.
Gozag was pleased with you.
You were very hungry.

You visited 1 branch of the dungeon, and saw 6 of its levels.

You collected 899 gold pieces.
You spent 220 gold pieces at shops.
You paid 24 gold pieces to Gozag.

Inventory:

Hand Weapons
 a - a +1 war axe (weapon)
Missiles
 j - 52 poisoned darts (quivered)
 x - 7 javelins
Armour
 b - a +0 scale mail (worn)
 c - a +0 shield (worn)
 y - the +1 leather armour of Saet {Int+4, unknown}
   (You found it on level 5 of the Dungeon)

   It affects your intelligence (+4).
   If you switch to wearing this armour, your AC will fall 3 points (11 -> 8)
 D - a +4 chain mail
Jewellery
 p - a +4 ring of protection (left hand)
 q - a +5 amulet of reflection {unknown}
Wands
 n - a wand of acid (13)
 B - a wand of disintegration (19)
 C - a wand of flame (14)
Scrolls
 e - a scroll of enchant armour {unknown}
 g - a scroll of fog {unknown}
 h - 4 scrolls of enchant weapon
 k - a scroll of immolation {unknown}
 l - 3 scrolls of remove curse
 m - a scroll of identify {unknown}
 o - a scroll of fear
 t - a scroll of magic mapping {unknown}
 G - a scroll of teleportation {unknown}
 I - a scroll of amnesia {unknown}
Potions
 d - 2 potions of might
 i - a potion of invisibility {unknown}
 r - 2 potions of brilliance
 s - a potion of haste {unknown}
 u - a potion of lignification {unknown}
 w - a potion of flight {unknown}
 z - 2 potions of curing {unknown}
 A - a potion of magic {unknown}
 E - a potion of degeneration {unknown}
 F - a potion of mutation {unknown}
 H - a potion of resistance
Books
 v - a manual of Throwing
Comestibles
 f - 11 rations


   Skills:
 - Level 5.2 Fighting
 * Level 8.8 Axes
 + Level 5.2 Throwing
 - Level 6.0 Armour
 * Level 8.5 Shields


You had 7 spell levels left.
You didn't know any spells.
Your spell library was empty.

Dungeon Overview and Level Annotations

Branches:
Dungeon (6/15)
 Temple: D:4-7

Altars:
Cheibriados
Fedhas
Gozag
Makhleb
Ru
Sif Muna
Trog
Xom
Zin
The Shining One

Shops:
D:4 }


Innate Abilities, Weirdness & Mutations

You reflexively headbutt those who attack you in melee.
You have a pair of horns on your head.


Message History

Reactivating autopickup.
You feel a bit more experienced.
You hit the orc warrior but do no damage.
The orc warrior is no longer distracted by gold.
You block the orc warrior's attack.
You slash the orc warrior!
You kill the orc warrior!
A bullfrog comes into view.
You enter the shallow water.
Moving in this stuff is going to be slow.
An orc priest comes into view. It is wielding a -3 flail.
The orc priest shouts!
The orc priest closely misses you.
You barely miss the orc priest. Your headbutt misses the orc priest.
You block the orc priest's attack.
You closely miss the orc priest. Your headbutt misses the orc priest.
The orc priest mumbles some strange prayers to Beogh against you.
Beogh smites you!
You die...
Your body crumbles into a pile of gold.

###................
###..$........#.### #
#...$.####........####.##
#...$$# #####...........
#..$.<# #≈#.##...##..
#....$######≈#.##...#
#....F.....#≈#.##...#
#...### ##.≈..##...# #.F.
#.@≈.......# #...
#.o≈..##..## $
#.#≈#.##..####.#
#.#≈#..........#
#.###.###.######
..######.###.###)#
........#.#...##.#
#..####.#..(.....# #
###.#.#...####


You could see an orc priest.

Vanquished Creatures
  Grinder (D:6)
  Sigmund (D:6)
  Eustachio (D:6)
  2 orc warriors (D:6)
  3 ogres
  A centaur (D:5)
  Blork the orc (D:6)
  A scorpion (D:5)
  3 wights (D:6)
  2 hounds (D:6)
  A jelly (D:4)
  3 orc wizards
  3 orc priests
  A gnoll shaman (D:5)
  2 worker ants
  A hound skeleton (D:5)
  A worker ant zombie (D:5)
  Robin (D:3)
  10 adders
  2 shadow imps
  An adder skeleton (D:4)
  6 worms
  2 dart slugs
  5 leopard geckos
  23 orcs
  8 bats
  6 giant cockroaches
  11 goblins
  9 hobgoblins
  9 jackals
  5 quokkas
  A ball python zombie (D:5)
  7 frilled lizards
  A jackal zombie (D:5)
  7 kobolds
  10 rats
152 creatures vanquished.

Notes
Turn   | Place    | Note
-------+----------+-------------------------------------------
     0 | D:1      | Kohma the Minotaur Fighter began the quest for the Orb.
     0 | D:1      | Reached XP level 1. HP: 19/19 MP: 0/0
   100 | D:1      | Reached XP level 2. HP: 27/27 MP: 1/1
   882 | D:2      | Reached XP level 3. HP: 30/33 MP: 2/2
   902 | D:2      | Found a shimmering altar of Xom.
  1219 | D:2      | Found a shimmering blue altar of Sif Muna.
  1302 | D:2      | Noticed an ogre
  1308 | D:2      | Reached XP level 4. HP: 38/40 MP: 3/3
  1312 | D:2      | Killed an ogre
  1312 | D:2      | Reached XP level 5. HP: 22/47 MP: 4/4
  1510 | D:2      | Found a blossoming altar of Fedhas.
  1521 | D:2      | Found an opulent altar of Gozag.
  1543 | D:2      | Found a snail-covered altar of Cheibriados.
  1562 | D:2      | Became a worshipper of Gozag Ym Sagoz the Greedy
  2101 | D:3      | Noticed Robin
  2111 | D:3      | Killed Robin
  2330 | D:4      | Found Fophemp's Gadget Emporium.
  2339 | D:4      | Bought a wand of acid (7) for 220 gold pieces
  2351 | D:4      | Reached skill level 5 in Axes
  2365 | D:4      | Reached XP level 6. HP: 32/55 MP: 5/5
  2593 | D:4      | Reached skill level 5 in Fighting
  2593 | D:4      | Reached skill level 5 in Armour
  2593 | D:4      | Reached skill level 5 in Shields
  2910 | D:4      | Found a burning altar of Makhleb.
  2931 | D:4      | Noticed an Executioner
  2936 | D:4      | Found a glowing silver altar of Zin.
  2937 | D:4      | Noticed an angel
  3114 | D:4      | Found a sacrificial altar of Ru.
  3219 | D:5      | Entered Level 5 of the Dungeon
  3273 | D:5      | Reached XP level 7. HP: 46/61 MP: 6/6
  3546 | D:5      | Reached skill level 1 in Throwing
  3766 | D:5      | Got a jewelled leather armour
  4438 | D:6      | Noticed Grinder
  4445 | D:6      | Killed Grinder
  4445 | D:6      | Reached XP level 8. HP: 68/68 MP: 7/7
  4948 | D:6      | Noticed Eustachio
  4950 | D:6      | Noticed Blork the orc
  4950 | D:6      | Noticed Sigmund
  4970 | D:6      | Killed Blork the orc
  4978 | D:6      | Killed Eustachio
  4998 | D:6      | Killed Sigmund
  5225 | D:6      | Found a glowing golden altar of the Shining One.
  5225 | D:6      | Found a bloodstained altar of Trog.
  5314 | D:6      | Reached skill level 5 in Throwing
  5336 | D:6      | Killed from afar by an orc priest

Levels and vault maps discovered:
D:1:      minmay_arrival_stone_box, layout_basic, minmay_lizard_pond
D:2:      layout_basic, nicolae_overflow_quartered_altars, led_sif_pool,
          st_stairs_5
D:3:      layout_rooms, first_ration, minmay_misc_feat_x, uniq_robin
D:4:      layout_cave_pools, grunt_temple_overflow_order_and_chaos_2,
          nicolae_ru_the_path_less_chosen, serial_shops, shop
D:5:      minmay_skewed_foursquare, layout_cave_pools, minmay_manual_mail
D:6:      layout_loops_ring, chequers_temple_overflow_statue_of_worship,
          vehumet_statue, minmay_temple_entry_proselytizer,
          chequers_serial_rivers_micro_a, uniq_blork_the_orc, uniq_sigmund,
          uniq_eustachio, uniq_grinder

Skill      XL: |  1  2  3  4  5  6  7  8 |
---------------+-------------------------+-----
Axes           | 3 4 5 6 7 8 |  8.8
Fighting       | 4 5 |  5.2
Armour         | 4 5 6 |  6.0
Shields        | 4 5 6 8 |  8.5
Throwing       | 3 5 |  5.2

Action                   |  1- 3 |  4- 6 |  7- 9 || total
-------------------------+-------+-------+-------++-------
Melee: War axe           |   120 |   127 |   164 ||   411
       Headbutt          |    15 |    20 |    24 ||    59
Throw: Dart              |       |     3 |       ||     3
Evoke: Wand              |       |       |     4 ||     4
  Use: Scroll            |       |     3 |       ||     3
       Potion            |       |       |     1 ||     1
 Stab: Distracted        |       |     1 |       ||     1
  Eat: Chunk             |     2 |     1 |       ||     3
       Ration            |       |     2 |     1 ||     3
Armor: Scale mail        |    68 |    64 |    50 ||   182
Dodge: Dodged            |    41 |    53 |    40 ||   134
Block: Shield            |    72 |    71 |    86 ||   229

Table legend:
 A = Non-vault XP
 B = Vault XP
 C = Vault XP percentage of total XP
 D = Non-vault monster count
 E = Vault monster count
 F = Vault count percentage of total count
                 A         B        C        D         E       F
            +---------+---------+-------+---------+---------+-------
      Total |    1569 |    1084 |  40.9 |     123 |      29 |  19.1
            +---------+---------+-------+---------+---------+-------
        D:1 |      36 |       4 |  10.0 |      24 |       4 |  14.3
        D:2 |     189 |      16 |   7.8 |      30 |       3 |   9.1
        D:3 |      34 |      33 |  49.3 |      10 |      11 |  52.4
        D:4 |     312 |       0 |   0.0 |      20 |       0 |   0.0
        D:5 |     344 |     276 |  44.5 |      23 |       7 |  23.3
        D:6 |     654 |     755 |  53.6 |      16 |       4 |  20.0
            +---------+---------+-------+---------+---------+-------
